 Dungeon Crawl Stone Soup version 0.27-a0-1191-g601b473118 (webtiles) character file.

Game seed: 6613227429234702678

2 Sobieck the Poker (level 1, 18/18 HPs)
             Began as a Merfolk Monk on May 23, 2021.
             Got out of the dungeon alive.
             The game lasted 00:00:29 (434 turns).

Sobieck the Poker (Merfolk Monk)                     Turns: 434, Time: 00:00:29

Health: 18/18      AC:  2    Str: 11    XL:     1   Next: 30%
Magic:  1/1        EV: 13    Int:  9    God:
Gold:   5          SH:  0    Dex: 16    Spells: 0/0 levels left

rFire    . . .     SeeInvis .   a - +0 spear {polearm}
rCold    . . .     Faith    .   (no shield)
rNeg     . . .     Spirit   .   b - +0 robe
rPois    .         Reflect  .   (no helmet)
rElec    .         Harm     .   (no cloak)
rCorr    .         Rampage  .   (no gloves)
Will     .....                  (no boots)
Stlth    ++........             (no amulet)
HPRegen  0.06/turn              (no ring)
MPRegen  0.07/turn              (no ring)

@: no status effects
A: (nimble swimmer 2), mertail
a: no special abilities


You escaped.
You visited 1 branch of the dungeon, and saw 1 of its levels.

You collected 5 gold pieces.


Innate Abilities, Weirdness & Mutations

((You are quick and stealthy near water. (Stealth+, EV+, Speed+++)))
Your lower body shifts to a powerful aquatic tail in water.


   Skills:
 - Level 3.2 Fighting
 + Level 4.6 Polearms
 - Level 4.0 Dodging
 - Level 2.1 Stealth


You couldn't memorise any spells.
You didn't know any spells.
Your spell library was empty.

Inventory:

Hand Weapons
 a - a +0 spear (weapon) {polearm}
Missiles
 d - 3 stones (quivered) {throwing}
Armour
 b - a +0 robe (worn)
Scrolls
 c - a scroll of fog {unknown}

Dungeon Overview and Level Annotations

Branches:
Dungeon (1/15)

Altars:

#.# #.# # ##.# ...###...
#....... #########+##
#####... ≈≈≈≈≈≈≈.P..♣♣♣♣
##.# ≈≈≈≈PP≈≈.....P♣♣ #.#
..≈≈PPP≈≈≈.@...♣##########.#
...≈≈≈PPP≈≈.....#..........#
.....≈≈≈≈≈≈≈....'.##########
♣.....<..≈≈≈≈≈≈###
######+#########


There were no monsters in sight!


Message History

Okay, then.
Unknown command.
Setting a skill training target for Polearms at 12.0.
Unknown command.
Your legs become a tail as you enter the water.
c - a scroll labelled TEMOSYHOJY Your legs become a tail as you enter the water.
You now have 5 gold pieces.
You open the door.
There is an open door here.
A kobold comes into view. It is wielding a +0 dagger.
You hit the kobold. You closely miss the kobold. The kobold closely misses you.
You hit the kobold but do no damage. The kobold barely misses you.
You miss the kobold.
The kobold hits you with a +0 dagger. 😕 HP[-3]
You take 3 damage, and now have 15/18 hp.
You hit the kobold but do no damage. The kobold misses you.
You barely miss the kobold. The kobold misses you.
A kobold is nearby!
You hit the kobold.
You kill the kobold!
No target in view!
d - 3 stones {throwing} You see here a +0 dagger {short}. 😎 HP[+3]
Your hp is fully restored (18).
A ball python comes into view.
The ball python hisses angrily.
You barely miss the ball python. The ball python barely misses you.
The ball python misses you.
You hit the ball python. The ball python barely misses you.
The ball python grabs you.
The ball python constricts you. 😕 HP[-1]
You take 1 damage, and now have 17/18 hp.
You hit the ball python but do no damage.
The ball python bites you.
The ball python constricts you. 😕 HP[-2]
You take 2 damage, and now have 15/18 hp.
You hit the ball python but do no damage.
The ball python bites you.
The ball python constricts you. 😕 HP[-1]
You take 1 damage, and now have 14/18 hp.
You hit the ball python but do no damage.
The ball python bites you. The ball python constricts you.
The ball python bites you.
* * * LOW HITPOINT WARNING * * *
The ball python constricts you. 😨 HP[-5]
You take 5 damage, and now have 9/18 hp.
MASSIVE DAMAGE!! (PAUSE)
You closely miss the ball python. The ball python bites you.
* * * LOW HITPOINT WARNING * * *
The ball python constricts you. 😨 HP[-1]
You take 1 damage, and now have 8/18 hp.
You closely miss the ball python.
The ball python bites you but does no damage.
The ball python constricts you.
You barely miss the ball python. The ball python bites you.
* * * LOW HITPOINT WARNING * * *
The ball python constricts you. 😨 HP[-1]
You take 1 damage, and now have 7/18 hp.
Unknown command.
You closely miss the ball python. The ball python barely misses you.
* * * LOW HITPOINT WARNING * * *
The ball python constricts you. 😨 HP[-1]
You take 1 damage, and now have 6/18 hp.
You barely miss the ball python. The ball python misses you.
The ball python constricts you.
Unknown command.
You closely miss the ball python. The ball python barely misses you.
The ball python constricts you.
You closely miss the ball python. The ball python barely misses you.
* * * LOW HITPOINT WARNING * * *
The ball python constricts you. 😨 HP[-1]
You take 1 damage, and now have 5/18 hp.
You closely miss the ball python. The ball python misses you.
* * * LOW HITPOINT WARNING * * *
The ball python constricts you. 😱 HP[-1]
You take 1 damage, and now have 4/18 hp.
Unknown command.
You hit the ball python.
You kill the ball python!
Unknown command.
You start resting. 😎 HP[+14]
Your hp is fully restored (18).
(D) Dungeon
Where to? (? - help)
Okay, then.
There is an open door here.
There is a staircase leading out of the dungeon here.
Are you sure you want to leave the Dungeon?
This will make you lose the game!
You have escaped!

Action                   || total
-------------------------++-------
Melee: Spear             ||    21
Armor: Robe              ||     1
Dodge: Dodged            ||    12

Levels and vault maps discovered:
D:1:      tarquinn_simple_flora_water_c, layout_loops_ring, serial_shops, shop

Notes
Turn   | Place    | Note
-------+----------+-------------------------------------------
     0 | D:1      | Sobieck the Merfolk Monk began the quest for the Orb.
     0 | D:1      | Reached XP level 1. HP: 18/18 MP: 1/1
     0 | D:1      | magus.rc [v1.9.6]
   147 | D:1      | HP: 4/18 [ball python (1)]
   434 | D:$      | Got out of the dungeon alive.

Vanquished Creatures
  A kobold (D:1)
  A ball python (D:1)
2 creatures vanquished.

Table legend:
 A = Non-vault XP
 B = Vault XP
 C = Vault XP percentage of total XP
 D = Non-vault monster count
 E = Vault monster count
 F = Vault count percentage of total count
                 A         B        C        D         E       F
            +---------+---------+-------+---------+---------+-------
      Total |       3 |       0 |   0.0 |       2 |       0 |   0.0
            +---------+---------+-------+---------+---------+-------
        D:1 |       3 |       0 |   0.0 |       2 |       0 |   0.0
            +---------+---------+-------+---------+---------+-------

Illustrated notes

Table legend:
 A = Kills in this place as a percentage of kills in entire the game.
 B = Kills by you in this place as a percentage of kills by you in the entire game.
 C = Kills by friends in this place as a percentage of kills by friends in the entire game.
 D = Other kills in this place as a percentage of other kills in the entire game.
 E = Experience gained in this place as a percentage of experience gained in the entire game.
 F = Experience gained in this place divided by the number of levels of this place that you have seen.
                   A       B       C       D       E      F
               +-------+-------+-------+-------+-------+----------------------
         Total | 100.0 | 100.0 |   N/A |   N/A | 100.0 |   3.0
       Dungeon | 100.0 | 100.0 |   N/A |   N/A | 100.0 |   3.0
               +-------+-------+-------+-------+-------+----------------------

Table legend: (Time is in decaauts)
 A = Elapsed time spent in this place.
 B = Non-inter-level travel time spent in this place.
 C = Inter-level travel time spent in this place.
 D = Time resting spent in this place.
 E = Time spent auto-exploring this place.
 F = Levels seen in this place.
 G = Mean time per level.
                   A        B        C        D        E       F      G
               +--------+--------+--------+--------+--------+-----+--------+
         Total |    428 |    368 |     60 |    223 |    111 |   1 |  428.0 |
       Dungeon |    428 |    368 |     60 |    223 |    111 |   1 |  428.0 |
               +--------+--------+--------+--------+--------+-----+--------+

Top non-repeatable levels by time:
     D:1: 428 daAuts
